 Dungeon Crawl Stone Soup version 0.19-a0-1790-g026f1ef (webtiles) character file.

214 Banto the Slasher (level 5, 0/51 HPs)
             Began as a High Elf Skald on Oct 4, 2016.
             Slain by a bog mummy (7 damage)
             ... in an ossuary.
             The game lasted 00:04:14 (2663 turns).

Banto the Slasher (High Elf Skald)                  Turns: 2663, Time: 00:04:15

Health: 0/51       AC: 22    Str: 11    XL:     5   Next: 60%
Magic:  7/9        EV:  2    Int: 16    God:
Gold:   175        SH:  0    Dex: 15    Spells: 3 memorised, 2 levels left

rFire  . . .     SeeInvis .     a - +1 falchion
rCold  . . .     Gourm    .     (armour currently unavailable)
rNeg   + + +     Faith    .     (no shield)
rPois  +         Spirit   .     (helmet currently unavailable)
rElec  .         Dismiss  .     (cloak currently unavailable)
rCorr  .         Reflect  .     (gloves currently unavailable)
MR     +....     Harm     .     (boots currently unavailable)
Stlth  +......... NoTele   +    (no amulet)
                                m - ring of poison resistance
                                e - ring of protection from magic

@: tree-form, drained
A: no striking features
a: no special abilities


You were in an ossuary.
You were not hungry.
You were a tree.
You visited 1 branch of the dungeon, and saw 4 of its levels.
You also visited: Ossuary.

You collected 175 gold pieces.

Inventory:

Hand Weapons
 a - a +1 falchion (weapon)
Armour
 b - a +0 leather armour (melded)
 g - a +0 helmet (melded)
 q - a +0 cloak (melded)
 t - a cursed +0 pair of boots (melded)
Jewellery
 e - a ring of protection from magic (left branch)
 f - an uncursed ring of see invisible
 m - a ring of poison resistance (right branch)
 r - an uncursed ring of flight
Scrolls
 c - a scroll of magic mapping
 u - a scroll of remove curse
Potions
 h - a potion of cure mutation {unknown}
 i - a potion of flight {unknown}
 j - a potion of curing {unknown}
 l - a potion of berserk rage {unknown}
 p - a potion of lignification
 s - a potion of experience {unknown}
Comestibles
 d - 3 bread rations
 k - 7 fruits
 n - a meat ration
 o - 2 slices of pizza
 v - a chunk of flesh


   Skills:
 - Level 2.0(1.0) Fighting
 + Level 5.3(4.3) Long Blades
 - Level 0.8(0.0) Armour
 + Level 4.2(3.2) Dodging
 - Level 2.4(1.4) Spellcasting
 - Level 3.6(2.6) Charms


You had 2 spell levels left.
You knew the following spells:

 Your Spells              Type           Power        Failure   Level  Hunger
a - Infusion              Chrm           #...         10%         1    ##.....
b - Song of Slaying       Chrm           #.......     12%         2    ###....
c - Regeneration          Chrm/Necr      #.........   38%         3    ####...


Dungeon Overview and Level Annotations

Branches:
Dungeon (4/15)
 Temple: D:4-7

Altars:
Kikubaaqudgha

Annotations:
D:4 Grinder


Message History

The bog mummy is almost destroyed.
The mummy hits you but does no damage.
The bog mummy hits you but does no damage.
You barely miss the bog mummy.
The bog mummy is almost destroyed.
You hit the bog mummy.
You destroy the bog mummy!
You feel less woody.
Your +0 cloak unmelds from your body.
Your +0 helmet unmelds from your body.
Your cursed +0 pair of boots unmelds from your body.
Your +0 leather armour unmelds from your body.
You now have 5/34 hp.
You turn into a tree.
Your +0 cloak melds into your body.
Your +0 helmet melds into your body.
Your cursed +0 pair of boots melds into your body.
Your +0 leather armour melds into your body.
Your roots penetrate the ground.
The mummy hits you but does no damage.
You now have 7/51 hp.
You hit the mummy but do no damage. The bog mummy hits you!
You die...

#.# +.#
#.+ '.#
#M# +.+
###.#####
#M'.#♣.∩#
#≈#.MM∩.#
#.'.#...#
###≈#####
.≈M #≈≈≈
≈≈.#
#≈#≈#
#≈≈≈


You could see a mummy and a bog mummy.

Vanquished Creatures
  A centaur skeleton (D:4)
  2 mummies (Ossuary)
  3 adders
  6 worms
  A dart slug (D:3)
  7 leopard geckos
  2 orcs
  5 bats
  4 giant cockroaches
  5 goblins
  9 hobgoblins
  6 jackals
  9 kobolds
  4 frilled lizards
  10 rats
74 creatures vanquished.

Vanquished Creatures (others)
  A withered plant (Ossuary)
1 creature vanquished.

Grand Total: 75 creatures vanquished

Notes
Turn   | Place    | Note
-------+----------+-------------------------------------------
     0 | D:1      | Banto the High Elf Skald began the quest for the Orb.
     0 | D:1      | Reached XP level 1. HP: 14/14 MP: 4/4
   232 | D:1      | Reached skill level 3 in Long Blades
   233 | D:1      | Reached XP level 2. HP: 18/19 MP: 0/6
   680 | D:1      | Reached XP level 3. HP: 23/24 MP: 7/7
   895 | D:2      | Found an ancient bone altar of Kikubaaqudgha.
  1305 | D:2      | Reached skill level 4 in Long Blades
  1409 | D:2      | Reached XP level 4. HP: 17/29 MP: 2/8
  1495 | D:2      | Learned a level 2 spell: Song of Slaying
  1499 | D:2      | Learned a level 3 spell: Regeneration
  2484 | D:4      | Noticed Grinder
  2484 | D:4      | Noticed an ogre
  2569 | D:4      | Reached skill level 5 in Long Blades
  2569 | D:4      | Reached XP level 5. HP: 34/34 MP: 9/9
  2575 | D:4      | Found a sand-covered staircase.
  2627 | Ossuary  | Entered an ossuary
  2663 | Ossuary  | Slain by a bog mummy

Vault maps used:
D:1:      minmay_arrival_jagged, hangedman_abyss_or_decor_lesser_grid
D:2:      nicolae_overflow_crystal_walls
D:4:      first_bread, enter_ossuary_3, kennysheep_generic_room_9, uniq_grinder
Ossuary:  ossuary_zaba_flooded

Skill      XL: |  1  2  3  4  5 |
---------------+----------------+-----
Long Blades    | 3 4 5 |  5.3
Dodging        | 2 3 4 |  4.2
Fighting       | |  2.0
Armour         | |  0.8
Spellcasting   | |  2.4
Charms         | |  3.6

Action                   |  1- 3 |  4- 6 || total
-------------------------+-------+-------++-------
Melee: Falchion          |   112 |   107 ||   219
 Cast: Infusion          |    13 |     9 ||    22
  Use: Scroll            |     3 |     5 ||     8
       Potion            |       |     2 ||     2
 Stab: Sleeping          |       |     1 ||     1
  Eat: Chunk             |     2 |     4 ||     6
Armor: Leather armour    |    38 |    23 ||    61
       Skin              |       |    13 ||    13
Dodge: Dodged            |    70 |    64 ||   134
       Rpst.: Falchion   |    23 |    18 ||    41

Table legend:
 A = Turns spent in this place as a percentage of turns spent in the entire game.
 B = Non-inter-level travel turns spent in this place as a percentage of non-inter-level travel turns spent in the entire game.
 C = Inter-level travel turns spent in this place as a percentage of turns spent in this place.
 D = Turns resting spent in this place as a percentage of non-inter-level travel turns spent in this place.
 E = Turns spent auto-exploring this place as a percentage of non-inter-level travel turns spent in this place.
 F = Non-inter-level travel turns spent in this place divided by the number of levels of this place that you've seen.
                   A       B       C       D       E      F
               +-------+-------+-------+-------+-------+----------------------
         Total | 100.0 | 100.0 |   1.0 |   3.5 |  11.8 | 157.8
       Dungeon |  95.2 |  95.2 |   1.1 |   3.7 |  12.4 | 187.8
       Ossuary |   4.8 |   4.8 |   0.0 |   0.0 |   0.0 |  38.0
               +-------+-------+-------+-------+-------+----------------------

Table legend:
 A = Kills in this place as a percentage of kills in entire the game.
 B = Kills by you in this place as a percentage of kills by you in the entire game.
 C = Kills by friends in this place as a percentage of kills by friends in the entire game.
 D = Other kills in this place as a percentage of other kills in the entire game.
 E = Experience gained in this place as a percentage of experience gained in the entire game.
 F = Experience gained in this place divided by the number of levels of this place that you have seen.
                   A       B       C       D       E      F
               +-------+-------+-------+-------+-------+----------------------
         Total | 100.0 | 100.0 |  -nan |  -nan | 100.0 |  61.4
       Dungeon |  97.3 |  97.3 |  -nan |  -nan |  74.6 |  57.2
       Ossuary |   2.7 |   2.7 |  -nan |  -nan |  25.4 |  78.0
               +-------+-------+-------+-------+-------+----------------------
